 Dungeon Crawl Stone Soup version 0.31-a0-986-g5e6e4ef867 (webtiles) character file.

Game seed: 12712905211212396653

6185 wildpjah the Carver (level 10, -5/69 (77) HPs)
             Began as a Merfolk Gladiator on Nov 15, 2023.
             Was a Believer of Dithmenos.
             Slain by a wight
             ... wielding a +2 long sword
              (10 damage)
             ... on level 10 of the Dungeon on Nov 16, 2023.
             The game lasted 00:46:33 (11494 turns).

wildpjah the Carver (Merfolk Gladiator)            Turns: 11494, Time: 00:46:33

HP:   -5/69 (77)    AC:  4    Str: 11 (14) XL:     10   Next: 91%
MP:   0/10          EV: 21    Int:  5 (8)  God:    Dithmenos [**....]
Gold: 633           SH:  0    Dex: 18 (20) Spells: 9/9 levels left

rFire   + . .        M - +0 great sword
rCold   x . .        (shield currently unavailable)
rNeg    . . .        u - +1 leather armour "Ynucw" {Slay+2}
rPois   .            c - melded +0 helmet
rElec   .            (cloak currently unavailable)
rCorr   .            (gloves currently unavailable)
SInv    .            (boots currently unavailable)
Will    .....        (no amulet)
Stlth   +            v - +5 ring of evasion
HPRegen 0.31/turn    y - ring of protection from fire
MPRegen 0.12/turn

%: no passive effects
@: confused, beast-form, hasted and slowed, wreathed by umbra, studying
Polearms, heavily drained, unable to read
A: beast (slay +4), (nimble swimmer 2), mertail, teleportitis 1, cold
vulnerability 1, inability to read after injury 1
a: Begin Untransformation, Renounce Religion, Shadow Step


You were on level 10 of the Dungeon.
You worshipped Dithmenos.
Dithmenos was pleased with you.
You were a hulking beast.
You visited 2 branches of the dungeon, and saw 11 of its levels.
You also visited: Bailey.

You collected 633 gold pieces.

Inventory:

Hand Weapons
 a - a +1 long sword
 i - a +0 short sword of speed
 H - a +2 dagger of draining
 M - a +0 great sword (weapon)
Missiles
 d - a throwing net
 x - a javelin (quivered)
Armour
 b - a +0 leather armour
 c - a +0 helmet (melded)
 u - the +1 leather armour "Ynucw" (worn) {Slay+2}
   (You found it on level 5 of the Dungeon)

   Slay+2:    It affects your accuracy & damage with ranged weapons and melee
   (+2).
 A - an orb of guile
 C - +0 steam dragon scales
 L - a +1 cloak
 P - +0 ice dragon scales
Jewellery
 e - a ring of see invisible
 v - a +5 ring of evasion (left hand)
 y - a ring of protection from fire (right hand)
 B - a ring of fire
 D - a ring of ice
 Q - a ring of ice
Talismans
 r - a talisman of death
 s - a beast talisman (active)
Wands
 z - a wand of roots (19)
 I - a wand of mindburst (24)
 K - a wand of polymorph (5)
Scrolls
 g - 5 scrolls of teleportation
 h - 5 scrolls of identify
 j - a scroll of amnesia
 k - a scroll of brand weapon {unknown}
 n - 4 scrolls of enchant weapon
 q - a scroll of fear {unknown}
 t - 2 scrolls of fog
 E - a scroll of noise
 F - a scroll of butterflies
 N - 2 scrolls of acquirement
Potions
 f - 2 potions of mutation
 l - 2 potions of degeneration
 m - a potion of cancellation
 p - a potion of berserk rage
 w - a potion of brilliance {unknown}
 J - a potion of enlightenment {unknown}
 R - a potion of ambrosia {unknown}


   Skills:
 + Level 6.4 Fighting
 + Level 3.6(8.9) Short Blades
 + Level 12.6(12.8) Long Blades
 + Level 2.4 Throwing
 + Level 3.2 Armour
 + Level 8.6 Dodging
 + Level 4.5 Stealth
 * Level 7.6 Shapeshifting


You had 9 spell levels left.
You didn't know any spells.
Your spell library contained the following spells:

 Spells                   Type           Power      Damage    Failure   Level
 Magic Dart               Conj           0%         1d3       56%         1
 Slow                     Hex            0%         N/A       56%         1
 Call Imp                 Summ           0%         N/A       71%         2
 Static Discharge         Conj/Air       0%         3-3/arc   71%         2
 Confusing Touch          Hex            0%         N/A       90%         3
 Mephitic Cloud           Conj/Pois/Air  0%         N/A       90%         3
 Sigil of Binding         Hex            0%         N/A       90%         3
 Vampiric Draining        Necr           0%         2d6       90%         3
 Airstrike                Air            0%         2d(0-16)  100%        4
 Summon Lightning Spire   Summ/Air       0%         N/A       100%        4
 Summon Forest            Summ/Tloc      0%         N/A       100%        5
 Eringya's Noxious Bog    Tmut/Pois      0%         4d6       100%        6
 Summon Hydra             Summ           0%         N/A       100%        7


Dungeon Overview and Level Annotations

Branches:
Dungeon (10/15)            Temple (1/1) D:5          Bailey (visited)
   Lair: D:8-11         Orc: D:9-12

Altars:
Cheibriados
Dithmenos
Elyvilon
Fedhas
Gozag
Kikubaaqudgha
Makhleb
Nemelex Xobeh
Okawaru
Qazlal
Ru
Sif Muna
Trog
Vehumet
Wu Jian
Xom
Yredelemnul
Zin
The Shining One

Shops:
D:6 (   D:9 *

Annotations:
D:8 Amaemon
D:10 3 transporters, exclusion: orange crystal statue


Innate Abilities, Weirdness & Mutations

You are a hulking beast.
Your limbs bulge with bestial killing power. (Slay +4)
((You are very nimble when in or above water. (Stealth+, EV+, Speed+++)))
Your lower body shifts to a powerful aquatic tail in water.
You are occasionally teleported next to monsters.
You are vulnerable to cold. (rC-)
You occasionally lose the ability to read scrolls when taking damage.


Message History

The orange crystal statue glitters.
You are confused.
The wight closely misses you.
The howler monkey completely misses you.
The wraith closely misses you. The yak gores you! The yak misses you.
A killer bee comes into view.
The wight misses you.
The orange crystal statue fixes its piercing gaze on you.
The wight hits you with a +4 falchion of freezing!
You feel drained. The wight freezes you. The wraith hits you!
* * * LOW HITPOINT WARNING * * *
The howler monkey closely misses you.
You're too confused to move!
The killer bee buzzes angrily.
The yak gores you.
* * * LOW HITPOINT WARNING * * *
The yak closely misses you.
A killer bee comes into view.
The howler monkey barely misses you. The wight completely misses you.
The wight closely misses you.
The orange crystal statue fixes its piercing gaze on you.
You feel your power leaking away. The wraith completely misses you.
The yak misses you.
It was a potion of haste.
You feel yourself speed up.
A killer bee comes into view.
The howler monkey completely misses you.
A killer bee comes into view.
The wight closely misses you.
The wight hits you with a +4 falchion of freezing!
* * * LOW HITPOINT WARNING * * *
You feel threatened and lose the ability to read scrolls!
You feel drained.
* * * LOW HITPOINT WARNING * * *
The wight freezes you.
* * * LOW HITPOINT WARNING * * *
The wraith misses you. The yak closely misses you.
The two-headed ogre misses you. x2
The howler monkey hits you but does no damage.
The wight hits you with a +2 long sword!
You die...

*,,,******,**,,,,*,,**,*
#.............#*,,,***,*
#........y.....,,,,,,*,,
*#..........y..,,,,,,,,*
##........y..###*,,,,,,,
*#........yy.....,,*,,,*,
**,#....Y.o!.....,,..,*,**
****,*#...zh8zoy..####.#,,,*,
*,,,,*#....zhOY...##...#*,*,*
*,**,*#^....YW........###,,,,
*,***...................,,,,*
*,* *#.............#..#******
*,* ##...........##..### *,*
**#.##.##....##.....## *,*
*...*#....#......)...# *,*
*.#**####.####..)∩)..##** *,*
*,* #.# #...)....##,


You could see an orange crystal statue, a two-headed ogre (summoned), 3 yaks, a
wraith, an orc warrior, a howler monkey (summoned), 6 killer bees, 3 wights and
an orc.

Vanquished Creatures
  Pikel (D:6)
  An orc knight (Bailey)
  Maurice (D:8)
  Jeremiah (D:9)
  2 kobold demonologists (Bailey)
  A wyvern (D:4)
  2 steam dragons
  A water moccasin (D:7)
  11 orc warriors
  2 black bears
  An ogre (D:4)
  2 lemures (D:6)
  2 phantoms (D:3)
  3 kobold brigands
  6 bullfrogs
  6 scorpions
  A gnoll sergeant (D:9)
  3 killer bees
  5 electric eels (Bailey)
  A howler monkey (D:6)
  2 jellies
  Crazy Yiuf (D:7)
  2 orc priests
  2 iguanas
  10 orc wizards
  13 gnolls
  7 adders
  2 white imps
  4 worms
  5 dart slugs
  25 orcs
  8 endoplasms
  7 giant cockroaches
  14 goblins
  16 hobgoblins
  6 jackals
  4 quokkas
  9 ball pythons
  8 bats
  A frilled lizard (D:1)
  20 kobolds
  7 rats
226 creatures vanquished.

Vanquished Creatures (others)
  An orc wizard (D:3)
1 creature vanquished.

Grand Total: 227 creatures vanquished

Notes
Turn   | Place    | Note
-------+----------+-------------------------------------------
     0 | D:1      | wildpjah the Merfolk Gladiator began the quest for the Orb.
     0 | D:1      | Reached XP level 1. HP: 16/16 MP: 1/1
   139 | D:1      | Reached XP level 2. HP: 11/23 MP: 2/2
   375 | D:1      | Reached skill level 4 in Long Blades
   472 | D:1      | Reached XP level 3. HP: 27/28 MP: 3/3
  1254 | D:2      | Reached XP level 4. HP: 34/34 MP: 4/4
  1415 | D:2      | Noticed a scorpion
  1427 | D:2      | Killed a scorpion
  1428 | D:2      | Reached skill level 5 in Long Blades
  1428 | D:2      | Reached skill level 5 in Dodging
  1428 | D:2      | Reached XP level 5. HP: 22/39 MP: 5/5
  1811 | D:3      | Noticed a phantom
  1826 | D:3      | Killed a phantom
  1827 | D:3      | Reached skill level 6 in Long Blades
  1867 | D:3      | Reached XP level 6. HP: 29/46 MP: 6/6
  2051 | D:3      | Gained mutation: You are vulnerable to cold. (rC-) [potion
                  | of mutation]
  2068 | D:3      | Reached skill level 1 in Armour
  2335 | D:3      | Reached skill level 7 in Long Blades
  2335 | D:3      | Reached skill level 1 in Stealth
  2556 | D:3      | Found a snail-covered altar of Cheibriados.
  2558 | D:3      | Found a white marble altar of Elyvilon.
  3159 | D:4      | Reached XP level 7. HP: 36/51 MP: 7/7
  3827 | D:4      | Noticed a wyvern
  3846 | D:4      | Killed a wyvern
  3847 | D:4      | Reached skill level 1 in Short Blades
  4053 | D:4      | Reached skill level 8 in Long Blades
  4181 | D:4      | HP: 2/52 [acid (6)]
  4502 | D:4      | Reached skill level 1 in Shapeshifting
  4579 | D:4      | Reached XP level 8. HP: 6/58 MP: 8/8
  4970 | D:5      | Entered Level 5 of the Dungeon
  5012 | D:5      | Identified the +1 leather armour "Ynucw" {Slay+2}
  5030 | D:5      | Found a staircase to the Ecumenical Temple.
  5146 | Temple   | Entered the Ecumenical Temple
  5169 | Temple   | Became a worshipper of Dithmenos the Shadowed
  5774 | D:6      | Found Dishreyck's Weapon Boutique.
  6363 | D:6      | You fall into a shaft and drop 3 floors!
  6508 | D:8      | Reached XP level 9. HP: 37/65 MP: 9/9
  6622 | D:7      | Noticed Pikel
  6639 | D:6      | Reached skill level 9 in Long Blades
  7043 | D:6      | Killed Pikel
  7044 | D:6      | Reached skill level 5 in Shapeshifting
  7856 | D:7      | Reached skill level 5 in Fighting
  7997 | D:7      | Found a shimmering blue altar of Sif Muna.
  8025 | D:7      | Reached * piety under Dithmenos
  8163 | D:7      | Reached skill level 10 in Long Blades
  8286 | D:7      | Found a runed translucent door.
  8287 | D:7      | Noticed Crazy Yiuf
  8297 | D:7      | Killed Crazy Yiuf
  8720 | D:8      | Found a sacrificial altar of Ru.
  8753 | D:8      | Noticed Maurice
  8761 | D:8      | Maurice stole an orb of guile
  8764 | D:8      | Something stole a ring of fire
  8765 | D:8      | Killed Maurice
  8955 | D:8      | Noticed an orange demon
  8956 | D:8      | Noticed Amaemon
  9043 | D:8      | Reached XP level 10. HP: 74/74 MP: 10/10
  9334 | D:9      | Found an ancient bone altar of Kikubaaqudgha.
  9464 | D:9      | Reached skill level 11 in Long Blades
  9616 | D:9      | Reached ** piety under Dithmenos
  9715 | D:9      | Found Cogiac's Assorted Antiques.
  9752 | D:9      | Noticed Jeremiah
  9788 | D:9      | Killed Jeremiah
 10316 | D:10     | Entered Level 10 of the Dungeon
 10325 | D:10     | Found a transporter.
 10325 | D:10     | Found a transporter.
 10325 | D:10     | Found a transporter.
 10353 | D:10     | Found a flagged portal.
 10360 | D:10     | Identified the +9 hand axe "Merfolk's Death" {venom, Str+4
                  | Int-5}
 10363 | Bailey   | Entered a bailey
 10391 | Bailey   | Noticed an orc knight
 10412 | Bailey   | Killed an orc knight
 10558 | Bailey   | Noticed a kobold demonologist
 10739 | Bailey   | Noticed a soul eater
 10766 | Bailey   | Gained mutation: You are occasionally teleported next to
                  | monsters. [a neqoxec]
 10768 | Bailey   | Gained mutation: You occasionally lose the ability to read
                  | scrolls when taking damage. [a neqoxec]
 10787 | Bailey   | Noticed a rust devil
 10958 | Bailey   | Killed a kobold demonologist
 10979 | Bailey   | Reached skill level 12 in Long Blades
 11260 | Bailey   | Found an iron altar of Okawaru.
 11260 | Bailey   | Noticed a kobold demonologist
 11264 | Bailey   | Killed a kobold demonologist
 11353 | Bailey   | Identified the +6 arbalest of Goamiyng {freeze, rElec rN+
                  | Dex-4}
 11482 | D:10     | Noticed an orange crystal statue
 11488 | D:10     | Noticed a two-headed ogre
 11494 | D:10     | Slain by a wight

Illustrated notes

Levels and vault maps discovered:
D:1:      psy_arrival_fountain, layout_loops_ring
D:2:      layout_loops_cross
D:3:      layout_loops_corners, nicolae_overflow_squiral,
          kennysheep_big_empty_room, minmay_circle_x
D:4:      layout_loops_corners, minmay_quantized
D:5:      layout_basic, minmay_temple_entry_drinking_statues
D:6:      nicolae_cairo_tiling_very_big, layout_basic, serial_shops,
          nicolae_shop_advertising_works [nicolae_subvault_shop_adworks],
          chequers_serial_rivers_room_a, minmay_gold_behind_fungi
D:7:      layout_cave_pods, kennysheep_orc_sif_temple, uniq_crazy_yiuf_cottage,
          uniq_pikel
D:8:      layout_rooms, nicolae_ru_great_annihilating_truth, erik_lair_dragon,
          uniq_maurice, uniq_amaemon
D:9:      layout_basic, nicolae_kikubaaqudgha_miasma_corner, serial_shops,
          nicolae_shop_overgrown_old_shop, uniq_jeremiah
D:10:     cheibrodos_statue_roulette, layout_loops_ring,
          eat_drink_and_be_merry_uskayaw, amethyst_overflow_temple_binary,
          enter_bailey_2, minivault_16, amcnicky_mini_pool_small,
          hangedman_weighted_door, nicolae_diode_quadrants
Temple:   minmay_temple_curvy_branch

Skill      XL: |  1  2  3  4  5  6  7  8  9 10 |
---------------+-------------------------------+-----
Long Blades    | 4 5 6 7 8 10 12 | 12.6
Dodging        | 5 6 7 8 |  8.6
Armour         | 1 2 3 |  3.2
Stealth        | 1 3 4 |  4.5
Fighting       | 3 4 5 6 |  6.4
Short Blades   | 2 3 |  3.6
Shapeshifting  | 1 4 6 7 |  7.6
Throwing       | |  2.4

Action                     |  1- 3 |  4- 6 |  7- 9 | 10-12 || total
---------------------------+-------+-------+-------+-------++-------
  Melee: Long sword        |   129 |   170 |   250 |    64 ||   613
         Punch             |       |     1 |     5 |     1 ||     7
         Short sword       |       |       |   122 |       ||   122
         Tailslap          |       |       |     5 |     6 ||    11
         Great sword       |       |       |       |   117 ||   117
  Throw: Javelin           |       |     1 |     4 |       ||     5
         Throwing net      |       |     1 |     3 |       ||     4
    Use: Potion            |       |     3 |     3 |     2 ||     8
         Scroll            |       |       |     1 |     9 ||    10
   Stab: Sleeping          |     2 |       |     9 |     4 ||    15
         Invisible         |       |     2 |       |       ||     2
         Held in net/web   |       |       |     2 |       ||     2
 Armour: Leather armour    |    72 |    84 |   124 |    52 ||   332
  Dodge: Dodged            |   112 |   103 |   244 |   169 ||   628
   Form: Beast             |       |       |     1 |       ||     1

Table legend: (Time is in decaauts)
 A = Elapsed time spent in this place.
 B = Non-inter-level travel time spent in this place.
 C = Inter-level travel time spent in this place.
 D = Time resting spent in this place.
 E = Time spent auto-exploring this place.
 F = Levels seen in this place.
 G = Mean time per level.
                   A        B        C        D        E       F      G
               +--------+--------+--------+--------+--------+-----+--------+
         Total |  11369 |  10636 |    733 |   1089 |   7572 |  12 |  947.4 |
       Dungeon |  10279 |   9589 |    690 |    802 |   7042 |  10 | 1027.9 |
        Temple |     45 |      2 |     43 |      0 |      0 |   1 |   45.0 |
        Bailey |   1044 |   1044 |      0 |    286 |    530 |   1 | 1044.0 |
               +--------+--------+--------+--------+--------+-----+--------+

Top non-repeatable levels by time:
     D:4: 1747 daAuts
     D:7: 1678 daAuts
     D:3: 1433 daAuts
     D:6: 1161 daAuts
  Bailey: 1044 daAuts
     D:9: 984 daAuts
     D:2: 924 daAuts
     D:1: 843 daAuts
     D:5: 740 daAuts
     D:8: 702 daAuts
    D:10: 63 daAuts
  Temple: 45 daAuts
